 Dungeon Crawl Stone Soup version 0.31.0-32-g396128a36d (webtiles) character file.

Game seed: 5487954625185688466

11 PaiMei the Sneak (level 2, -2/19 HPs)
             Began as a Demonspawn Wanderer on Mar 30, 2024.
             Slain by a gnoll
             ... wielding a +0 club
              (7 damage)
             ... on level 1 of the Dungeon.
             The game lasted 00:01:27 (403 turns).

PaiMei the Sneak (Demonspawn Wanderer)               Turns: 403, Time: 00:01:28

Health: -2/19      AC:  3    Str:  9    XL:     2   Next: 13%
Magic:  3/3        EV: 12    Int: 12    God:
Gold:   19         SH:  0    Dex: 15    Spells: 3/3 levels left

rFire   . . .        a - +0 dagger
rCold   . . .        (no shield)
rNeg    . . .        c - +0 robe
rPois   .            (no helmet)
rElec   .            d - +0 cloak
rCorr   .            (no gloves)
SInv    .            (no boots)
Will    .....        (no amulet)
Stlth   ++           (no ring)
HPRegen 0.23/turn    (no ring)
MPRegen 0.08/turn

%: no passive effects
@: no status effects
A: claws 1
a: no special abilities


You were on level 1 of the Dungeon.
You visited 1 branch of the dungeon, and saw 1 of its levels.

You collected 19 gold pieces.

Inventory:

Hand Weapons
 a - a +0 dagger (weapon)
Armour
 c - a +0 robe (worn)
 d - a +0 cloak (worn)
Scrolls
 b - 2 scrolls of fear
 e - a scroll of teleportation {unknown}
Potions
 f - a potion of brilliance {unknown}


   Skills:
 + Level 0.0 Fighting
 + Level 2.0 Dodging
 - Level 2.8 Stealth
 + Level 1.2 Spellcasting
 - Level 2.0 Fire Magic
 - Level 2.0 Ice Magic


You had 3 spell levels left.
You didn't know any spells.
Your spell library contained the following spells:

 Spells                   Type           Power      Damage    Failure   Level
 Freeze                   Ice            20%        1d4       13%         1
 Foxfire                  Conj/Fire      12%        2x1d4     21%         1
 Slow                     Hex            0%         N/A       30%         1
 Frozen Ramparts          Ice            10%        1d2       36%         3
 Inner Flame              Hex/Fire       3%         N/A       52%         3
 Summon Ice Beast         Ice/Summ       3%         N/A       52%         3
 Confusing Touch          Hex            0%         N/A       65%         3
 Sigil of Binding         Hex            0%         N/A       65%         3
 Vampiric Draining        Necr           0%         2d6       65%         3


Dungeon Overview and Level Annotations

Branches:
Dungeon (1/15)

Altars:


Innate Abilities, Weirdness & Mutations

You have sharp fingernails.


Message History

You hit the endoplasm.
You kill the endoplasm!
Your Fire Magic skill increases to level 2!
Your Ice Magic skill increases to level 2!
Found 9 stones.
The gnoll shouts!
Found a fizzy grey potion.
You barely miss the gnoll. The gnoll hits you with a +0 club.
You hit the gnoll.
The gnoll is moderately wounded.
The gnoll closely misses you.
You hit the gnoll.
The gnoll is moderately wounded.
The gnoll hits you with a +0 club.
You barely miss the gnoll.
The gnoll is moderately wounded.
The gnoll hits you with a +0 club.
You hit the gnoll but do no damage.
The gnoll is moderately wounded.
The gnoll completely misses you.
You closely miss the gnoll.
The gnoll is moderately wounded.
The gnoll hits you with a +0 club.
You hit the gnoll.
The gnoll is heavily wounded.
The gnoll hits you with a +0 club.
* * * LOW HITPOINT WARNING * * *
You hit the gnoll but do no damage.
The gnoll is heavily wounded.
The gnoll closely misses you.
You barely miss the gnoll.
The gnoll is heavily wounded.
The gnoll closely misses you.
You hit the gnoll.
The gnoll is severely wounded.
The gnoll barely misses you.
You hit the gnoll but do no damage.
The gnoll is severely wounded.
The gnoll hits you with a +0 club!
You die...

#### # + !..##..# .#
#...#.##+##. .#
#####.......... #.#
#....#.#.#.#.#. #.#
#....#.#......# #.#
#....#@#......# ####.###
#.(..#g........ .......#
#....#.........
....†..####....#..#......
##
.........................
#.
.......#######...#.......
#. .###.###
###..>#....... #. .# #.#
#.....#....... #. .# #.#
###..##.......... #.


You could see a gnoll.

Vanquished Creatures
  A dart slug (D:1)
  An endoplasm (D:1)
  A goblin (D:1)
  3 jackals (D:1)
  A kobold (D:1)
  A rat (D:1)
8 creatures vanquished.

Notes
Turn   | Place    | Note
-------+----------+-------------------------------------------
     0 | D:1      | PaiMei the Demonspawn Wanderer began the quest for the Orb.
     0 | D:1      | PaiMei set off with the following items: a +0 dagger, a
                  | scroll of fear, a +0 robe, a +0 cloak; and the following
                  | spells available to memorise: Freeze, Foxfire, Frozen
                  | Ramparts, Inner Flame, Summon Ice Beast.
     0 | D:1      | Reached XP level 1. HP: 13/13 MP: 2/2
   338 | D:1      | Gained mutation: You have sharp fingernails. [demonic
                  | ancestry]
   338 | D:1      | Reached XP level 2. HP: 16/19 MP: 3/3
   403 | D:1      | Slain by a gnoll

Illustrated notes

Levels and vault maps discovered:
D:1:      elethiomel_arrival_shortcut, layout_rooms, minmay_misc_feat_rugged,
          minmay_misc_feat_doors, minmay_tromino_v2

Skill      XL: |  1  2 |
---------------+-------+-----
Dodging        | 2 |  2.0
Fire Magic     | 2 |  2.0
Ice Magic      | 2 |  2.0
Stealth        | |  2.8
Spellcasting   | |  1.2

Action                     || total
---------------------------++-------
  Melee: Dagger            ||    44
   Stab: Distracted        ||     1
 Armour: Robe              ||    24
  Dodge: Dodged            ||    25
